 Dungeon Crawl Stone Soup version 0.26-a0-1147-g3780a7a11b (webtiles) character file.

Game seed: 15285036967607849208

1018 gruber the Chiller (level 8, -5/53 HPs)
             Began as a Demonspawn Ice Elementalist on Dec 22, 2020.
             Slain by a nameless horror (13 damage)
             ... created by miscasting Summon Ice Beast
             ... on level 4 of the Dungeon.
             The game lasted 00:07:03 (5553 turns).

gruber the Chiller (Demonspawn Ice Elementalist)    Turns: 5553, Time: 00:07:04

Health: -5/53      AC:  3    Str:  9    XL:     8   Next: 2%
Magic:  4/11       EV: 14    Int: 24    God:
Gold:   200        SH:  0    Dex: 14    Spells: 3/11 levels left

rFire    . . .     SeeInvis .   n - +2 trident (vamp)
rCold    . . .     Faith    .   (no shield)
rNeg     . . .     Spirit   .   a - +0 robe
rPois    .         Reflect  .   (no helmet)
rElec    .         Harm     .   (no cloak)
rCorr    .         Rampage  .   (no gloves)
Will     .....                  (no boots)
Stlth    ++........             (no amulet)
HPRegen  0.17/turn              b - +6 ring of intelligence
MPRegen  0.12/turn              (no ring)

@: very slightly contaminated
A: hooves 2, rugged brown scales 1, powered by pain 2
a: no special abilities


You were on level 4 of the Dungeon.
You visited 1 branch of the dungeon, and saw 5 of its levels.
You also visited: Sewer.

You collected 282 gold pieces.
You spent 82 gold pieces at shops.

Inventory:

Hand Weapons
 c - a +0 short sword
 n - a +2 vampiric trident (weapon)
Missiles
 j - 39 poisoned darts (quivered)
Armour
 a - a +0 robe (worn)
Jewellery
 b - a +6 ring of intelligence (left hand)
Scrolls
 e - 6 scrolls of identify {unknown}
 f - 4 scrolls of teleportation {unknown}
 g - 2 scrolls of enchant weapon {unknown}
 i - 2 scrolls of blinking
 m - 2 scrolls of enchant armour {unknown}
 o - a scroll of fog {unknown}
 p - 4 scrolls of remove curse {unknown}
 q - a scroll of fear {unknown}
Potions
 d - a potion of haste {unknown}
 h - 5 potions of curing {unknown}
 k - 3 potions of might {unknown}
 l - a potion of resistance {unknown}
 r - 2 potions of degeneration {unknown}
 s - a potion of mutation {unknown}
 t - 4 potions of flight {unknown}
 u - a potion of berserk rage {unknown}
 v - 3 potions of heal wounds {unknown}
 w - a potion of brilliance {unknown}


   Skills:
 - Level 4.2 Polearms
 - Level 0.3 Throwing
 - Level 4.1 Dodging
 - Level 1.7 Stealth
 - Level 2.0 Spellcasting
 - Level 7.0 Ice Magic


You had 3 spell levels left.
You knew the following spells:

 Your Spells              Type           Power        Failure   Level
a - Freeze                Ice            100%         1%          1
b - Frozen Ramparts       Ice            72%          1%          3
c - Summon Ice Beast      Ice/Summ       19%          28%         4

Your spell library contained the following spells:

 Spells                   Type           Power        Failure   Level
 Ozocubu's Armour         Ice            36%          1%          3
 Hailstorm                Conj/Ice       19%          28%         4


Dungeon Overview and Level Annotations

Branches:
Dungeon (5/15)              Sewer (visited)
 Temple: D:4-7

Altars:
Fedhas

Shops:
D:4 *

Annotations:
D:5 Pikel


Innate Abilities, Weirdness & Mutations

You have hoof-like feet.
You are partially covered in rugged brown scales. (AC +1, +3% HP)
You sometimes gain power by taking damage.


Message History

Confirm with . or Enter, or press ? or * to list all spells.
You don't have enough magic to cast that spell.
You hit the nameless horror but do no damage.
The nameless horror closely misses you.
You hit the nameless horror but do no damage.
The nameless horror hits you but does no damage.
You hit the nameless horror but do no damage.
The nameless horror hits you!
You focus on the pain.
You feel your power returning.
You feel your power leaking away.
You completely miss the nameless horror.
The nameless horror hits you!
* * * LOW HITPOINT WARNING * * *
You focus on the pain.
You feel your power returning.
You feel your power leaking away.
You completely miss the nameless horror.
The nameless horror hits you but does no damage.
You hit the nameless horror but do no damage.
The nameless horror hits you!
You die...

### # ### #.# ### #### # #.# #.#
#.# ##..# # #.####.# ##.# ###..##
### # ###..##..###.####..### #.#
# ###...#........#....## #.# ###
#...####.######....## ##.###..
...## ##..### #...## #.......
.### ##.....###.@X### ##.......
..####..##...##.....#####........
...##..####......................
......## ##.....................
.....## #...##...#.............
.....# ##..####................
.....## ##..## ##...#.......)...
......###..## #..###....######
##....#.....#### #..# #...## #


You could see a nameless horror.

Vanquished Creatures
  A sky beast (D:5)
  2 ogres (D:4)
  2 big kobolds (Sewer)
  A scorpion (D:5)
  A centaur zombie (D:5)
  A centaur skeleton (D:5)
  2 orc priests
  A bullfrog skeleton (D:4)
  A hound (D:5)
  A jelly (D:5)
  4 orc wizards
  2 worker ants (D:5)
  4 adders
  A river rat (D:5)
  2 shadow imps (D:5)
  A white imp (D:5)
  4 oozes
  An adder skeleton (D:4)
  2 dart slugs
  3 leopard geckos
  17 orcs
  9 bats
  3 giant cockroaches
  4 goblins
  10 hobgoblins
  7 jackals (D:5)
  2 quokkas
  4 ball pythons
  3 frilled lizards
  21 kobolds
  A quokka skeleton (D:4)
  7 rats
125 creatures vanquished.

Vanquished Creatures (others)
  3 plants (Sewer)
3 creatures vanquished.

Grand Total: 128 creatures vanquished

Notes
Turn   | Place    | Note
-------+----------+-------------------------------------------
     0 | D:1      | gruber the Demonspawn Ice Elementalist began the quest for
                  | the Orb.
     0 | D:1      | Reached XP level 1. HP: 13/13 MP: 3/3
   189 | D:1      | Reached skill level 4 in Ice Magic
   392 | D:1      | Gained mutation: You have large cloven feet. [demonic
                  | ancestry]
   392 | D:1      | Reached XP level 2. HP: 19/19 MP: 5/5
  1171 | D:2      | Gained mutation: You are partially covered in rugged brown
                  | scales. (AC +1, +3% HP) [demonic ancestry]
  1171 | D:2      | Reached XP level 3. HP: 15/24 MP: 6/6
  1522 | D:2      | You fall into a shaft and drop 1 floor!
  1538 | D:3      | Learned a level 3 spell: Frozen Ramparts
  1797 | D:3      | Reached skill level 5 in Ice Magic
  1857 | D:3      | Gained mutation: You have hoof-like feet. [demonic
                  | ancestry]
  1857 | D:3      | Reached XP level 4. HP: 12/30 MP: 1/7
  2606 | D:4      | Found a blossoming altar of Fedhas.
  2692 | D:4      | Reached skill level 1 in Polearms
  2801 | D:4      | Gained mutation: You sometimes gain a little power by
                  | taking damage. [demonic ancestry]
  2801 | D:4      | Reached XP level 5. HP: 36/36 MP: 4/8
  2842 | D:4      | Found Baggajul's Bounteous Boutique.
  2886 | D:4      | Bought a scroll of blinking for 82 gold pieces
  2965 | D:4      | Noticed an ogre
  3022 | D:4      | Noticed an ogre
  3029 | D:4      | Killed an ogre
  3362 | D:4      | Gained mutation: You sometimes gain power by taking damage.
                  | [demonic ancestry]
  3362 | D:4      | Reached XP level 6. HP: 28/42 MP: 6/9
  4055 | D:5      | Entered Level 5 of the Dungeon
  4127 | D:5      | Noticed Pikel
  4328 | D:5      | Reached XP level 7. HP: 32/47 MP: 6/10
  4483 | D:5      | Reached skill level 6 in Ice Magic
  4693 | D:5      | Found a glowing drain.
  4705 | Sewer    | Entered a sewer
  5325 | D:4      | Learned a level 4 spell: Summon Ice Beast
  5377 | D:5      | Reached skill level 7 in Ice Magic
  5383 | D:5      | Reached XP level 8. HP: 41/53 MP: 6/11
  5545 | D:5      | Noticed a nameless horror
  5553 | D:4      | Slain by a nameless horror

Illustrated notes

Levels and vault maps discovered:
D:1:      ncdulo_watergridlock, layout_basic, serial_curves, eino_curves_01,
          eino_curves_02, minmay_heptomino_h4
D:2:      wad_river_or_something, layout_basic
D:3:      cheibrodos_old_hovel, layout_loops_cross
D:4:      layout_layer_cave, nicolae_alphabet_shops, fedhas_altar_2
D:5:      lemuel_insect_pit, layout_cave_pools, cheibrodos_sewer_entry_sluice,
          uniq_pikel

Skill      XL: |  1  2  3  4  5  6  7 |
---------------+----------------------+-----
Ice Magic      | 4 5 7 |  7.0
Polearms       | 1 3 4 |  4.2
Dodging        | 3 4 |  4.1
Throwing       | |  0.3
Stealth        | |  1.7
Spellcasting   | |  2.0

Action                   |  1- 3 |  4- 6 |  7- 9 || total
-------------------------+-------+-------+-------++-------
Melee: Short sword       |    65 |       |       ||    65
       Kick              |    11 |    11 |    16 ||    38
       Trident           |       |    70 |    95 ||   165
Throw: Dart              |     6 |     4 |       ||    10
 Cast: Freeze            |    20 |     1 |     2 ||    23
       Frozen Ramparts   |     5 |    12 |    11 ||    28
       Summon Ice Beast  |       |       |     1 ||     1
 Stab: Sleeping          |     4 |     6 |     1 ||    11
Armor: Robe              |    21 |     4 |    12 ||    37
Dodge: Dodged            |    56 |    28 |    56 ||   140

Table legend: (Time is in decaauts)
 A = Elapsed time spent in this place.
 B = Non-inter-level travel time spent in this place.
 C = Inter-level travel time spent in this place.
 D = Time resting spent in this place.
 E = Time spent auto-exploring this place.
 F = Levels seen in this place.
 G = Mean time per level.
                   A        B        C        D        E       F      G
               +--------+--------+--------+--------+--------+-----+--------+
         Total |   5606 |   5386 |    220 |    427 |   4085 |   6 |  934.3 |
       Dungeon |   5067 |   4847 |    220 |    427 |   3670 |   5 | 1013.4 |
         Sewer |    539 |    539 |      0 |      0 |    414 |   1 |  539.0 |
               +--------+--------+--------+--------+--------+-----+--------+

Top non-repeatable levels by time:
     D:4: 2079 daAuts
     D:1: 1165 daAuts
     D:3: 1088 daAuts
   Sewer: 539 daAuts
     D:5: 373 daAuts
     D:2: 361 daAuts
